AoeStats
← bobozius

Arabia

510373730Analyzed
2v2 RM · 13h ago on Sep 30, 2026· 39m 29s· 4 players
Game mode
Random Map
Map size
Medium (4 player)
Population
200
Speed
Normal
Resources
Standard
Victory
Conquest
Starting age
Dark Age
Ending age
Imperial Age
RankedLock teamsTeams togetherTeam positionsShared explorationLock speedFull tech treeHidden civsTurbo modeCheats
Victory
Defeat
🇹🇷 Britons · Türkiye
698
+17
🇩🇪 Vietnamese · Germany
686
+17
🇷🇴 Saracens · Romania
726
-17
🇷🇴 Persians · Romania
707
-17
heralp
3:07 Loom
10:08 Feudal Age
16:09 Double-Bit Axe
17:23 Gold Mining
19:46 Castle Age
18:50 Horse Collar
24:46 Heavy Plow
25:10 Bow Saw
30:29 Imperial Age
29:11 Wheelbarrow
29:50 Padded Archer Armor
29:40 Fletching
29:42 Town Watch
31:04 Bodkin Arrow
31:25 Leather Archer Armor
32:04 Gold Shaft Mining
33:17 Hand Cart
34:46 Ring Archer Armor
36:04 Elite Longbowman
38:14 Yeomen
38:39 Ballistics
39:50 Chemistry
bobozius
12:02 Feudal Age
12:34 Double-Bit Axe
12:34 Horse Collar
13:40 Wheelbarrow
13:18 Stone Mining
15:14 Arson
16:59 Man-at-Arms
24:31 Castle Age
23:54 Gold Mining
25:51 Hand Cart
26:41 Stone Shaft Mining
26:12 Elite Skirmisher
27:57 Bow Saw
27:49 Heavy Plow
28:58 Fletching
29:08 Padded Archer Armor
29:28 Town Watch
33:47 Imperial Age
32:22 Light Cavalry
37:23 Town Patrol
38:03 Imperial Skirmisher
Serget Alupigus
8:29 Feudal Age
8:48 Double-Bit Axe
8:45 Horse Collar
14:12 Wheelbarrow
20:44 Castle Age
23:38 Bow Saw
24:02 Stone Mining
26:24 Gold Mining
31:53 Gold Shaft Mining
31:56 Stone Shaft Mining
31:45 Heavy Plow
32:58 Hand Cart
37:12 Scale Mail Armor
37:18 Scale Barding Armor
rfx
4:39 Loom
9:34 Feudal Age
10:09 Double-Bit Axe
12:20 Horse Collar
17:53 Wheelbarrow
17:57 Gold Mining
19:00 Fletching
19:46 Padded Archer Armor
23:56 Castle Age
21:53 Town Watch
23:35 Scale Barding Armor
23:40 Forging
23:30 Scale Mail Armor
23:51 Stone Mining
24:52 Thumb Ring
24:08 Elite Skirmisher
25:04 Bloodlines
25:38 Crossbowman
26:21 Heavy Plow
26:33 Husbandry
30:09 Hand Cart
29:55 Town Patrol
30:10 Light Cavalry
31:59 Bow Saw
32:29 Gold Shaft Mining
36:01 Bodkin Arrow
39:23 Imperial Age
37:56 Ballistics
39:34 Caravan
Connection lost

Rejoining the realm…

Still unreachable

The connection could not be restored.

Session expired

The server has moved on; the page needs a fresh start.